 Dungeon Crawl Stone Soup version 0.21-a0-634-gaf8bc5d (webtiles) character file.

315 Lanoc the Chopper (level 6, 0/55 HPs)
             Began as a Minotaur Fighter on Dec 29, 2017.
             Was an Initiate of Qazlal.
             Splashed by Ijyb's acid (12 damage)
             ... on level 4 of the Dungeon.
             The game lasted 00:04:52 (1230 turns).

Lanoc the Chopper (Minotaur Fighter)                Turns: 1230, Time: 00:04:56

Health: 0/55       AC:  3    Str: 20    XL:     6   Next: 19%
Magic:  5/5        EV:  8    Int:  5    God:    Qazlal [......]
Gold:   82         SH:  9    Dex: 12    Spells: 5/5 levels left

rFire    . . .     SeeInvis .   a - +0 war axe
rCold    . . .     Gourm    .   c - +0 shield
rNeg     . . .     Faith    .   b - +0 scale mail
rPois    .         Spirit   .   (helmet restricted)
rElec    .         Reflect  .   (no cloak)
rCorr    .         Harm     .   (no gloves)
MR       .....                  (no boots)
Stlth    ..........             (no amulet)
HPRegen  0.18/turn              (no ring)
MPRegen  0.09/turn              (no ring)

@: corroded
A: retaliatory headbutt, horns 2
a: Renounce Religion


You were on level 4 of the Dungeon.
You worshipped Qazlal.
Qazlal was noncommittal.
You were not hungry.

You visited 1 branch of the dungeon, and saw 3 of its levels.

You collected 82 gold pieces.

Inventory:

Hand Weapons
 a - a +0 war axe (weapon)
Missiles
 e - 20 bolts
 n - 48 sling bullets
 q - 17 arrows
Armour
 b - a +0 scale mail (worn)
 c - a +0 shield (worn)
Scrolls
 h - a scroll of fog {unknown}
 i - a scroll of enchant armour {unknown}
 j - a scroll of magic mapping {unknown}
 l - 2 scrolls of remove curse {unknown}
 m - a scroll of enchant weapon {unknown}
 o - a scroll of teleportation {unknown}
 r - a scroll of identify {unknown}
 u - a scroll of immolation {unknown}
Potions
 d - a potion of might
 k - 2 potions of cancellation {unknown}
 p - a potion of mutation {unknown}
 s - a potion of curing {unknown}
 t - a potion of lignification {unknown}
 v - a potion of heal wounds {unknown}
 w - a potion of brilliance {unknown}
Comestibles
 f - 3 rations
 g - 2 chunks of flesh


   Skills:
 + Level 4.9 Fighting
 * Level 5.1 Axes
 + Level 4.9 Armour
 + Level 2.6 Dodging
 - Level 3.9 Shields
 + Level 0.6 Invocations


You had 5 spell levels left.
You didn't know any spells.

Dungeon Overview and Level Annotations

Branches:
Dungeon (2/15)

Altars:
Fedhas
Qazlal

Annotations:
D:4 1 runed door, Ijyb


Innate Abilities, Weirdness & Mutations

You reflexively headbutt those who attack you in melee.
You have a pair of horns on your head.


Message History

Found a runed door.
An adder comes into view.
The adder hisses angrily.
Ijyb the Twisted Goblin comes into view.
You hit the adder.
The adder is lightly wounded.
The adder closely misses you. You furiously retaliate!
You headbutt the adder. The adder bites you.
Some of the chunks of flesh in your inventory have rotted away.
You closely miss the adder.
The adder is heavily wounded.
You block the adder's attack.
You slash the adder!
You kill the adder!
Qazlal accepts your kill.
Ijyb screams, "No!
No, no, no, no!"
Ijyb zaps a wand.
The bolt of acid hits you!
* * * LOW HITPOINT WARNING * * *
The acid corrodes you!
You are splashed with acid!
The acid burns!
You die...

#.....................####.+
....##.#..#..##.#....## ###
##........#..##.######
##.#...........#
#.#..#..#.###.#
#.......#.###.#
###...........####.#
#...#########.....# #...#
#@##### #...# #.# #...# .g.
####...###### .....
............#..###..
[...........#.. ...
............#.. ..##
####..^####.## .# #...# #


You could see Ijyb.

Vanquished Creatures
  A phantom (D:4)
  A centaur (D:4)
  The ghost of Lanoc the Chiller, an amateur DEIE (D:4)
  2 adders
  3 dart slugs (D:1)
  A leopard gecko (D:1)
  5 giant cockroaches
  6 goblins
  8 hobgoblins
  8 jackals
  2 ball pythons
  4 bats
  2 frilled lizards
  6 kobolds
  6 rats
56 creatures vanquished.

Vanquished Creatures (others)
  A bush (D:4)
1 creature vanquished.

Grand Total: 57 creatures vanquished

Notes
Turn   | Place    | Note
-------+----------+-------------------------------------------
     0 | D:1      | Lanoc the Minotaur Fighter began the quest for the Orb.
     0 | D:1      | Reached XP level 1. HP: 19/19 MP: 0/0
   124 | D:1      | Reached XP level 2. HP: 24/27 MP: 1/1
   264 | D:1      | Reached skill level 3 in Axes
   272 | D:1      | Reached skill level 1 in Dodging
   286 | D:1      | Reached XP level 3. HP: 18/33 MP: 2/2
   754 | D:2      | Reached XP level 4. HP: 40/40 MP: 3/3
   808 | D:2      | You fall through a shaft for 2 floors!
   812 | D:4      | Found a blossoming altar of Fedhas.
   814 | D:4      | Noticed a centaur
   986 | D:4      | Killed a centaur
   986 | D:4      | Reached skill level 4 in Axes
   986 | D:4      | Reached XP level 5. HP: 40/47 MP: 4/4
  1064 | D:4      | Found a stormy altar of Qazlal.
  1090 | D:4      | Found a blossoming altar of Fedhas.
  1124 | D:4      | Noticed Lanoc's ghost (amateur DEIE)
  1131 | D:4      | Killed Lanoc's ghost
  1156 | D:4      | Became a worshipper of Qazlal Stormbringer
  1184 | D:4      | Noticed a phantom
  1190 | D:4      | Killed a phantom
  1190 | D:4      | Reached skill level 5 in Axes
  1190 | D:4      | Reached XP level 6. HP: 27/55 MP: 5/5
  1206 | D:4      | Found a runed door.
  1226 | D:4      | Noticed Ijyb
  1230 | D:4      | Splashed by Ijyb's acid

Vault maps used:
D:1:      elethiomel_arrival_quiet
D:2:      first_ration
D:4:      grunt_temple_overflow_forces_of_nature,
          minmay_temple_entry_enclosed_plants, fedhas_bush_and_centaur_altar,
          uniq_ijyb, uniq_crazy_yiuf_cottage

Skill      XL: |  1  2  3  4  5 |
---------------+----------------+-----
Axes           | 3 4 5 |  5.1
Dodging        | 1 2 |  2.6
Fighting       | 4 |  4.9
Armour         | 4 |  4.9
Shields        | |  3.9
Invocations    | |  0.6

Action                   |  1- 3 |  4- 6 || total
-------------------------+-------+-------++-------
Melee: War axe           |    90 |    27 ||   117
       Headbutt          |     8 |     5 ||    13
  Eat: Chunk             |       |     1 ||     1
Armor: Scale mail        |    49 |     9 ||    58
Dodge: Dodged            |    40 |    10 ||    50
Block: Shield            |    52 |    15 ||    67

Table legend:
 A = Spawn XP
 B = Non-spawn XP
 C = Spawn XP percentage of total XP
 D = Spawn monster count
 E = Non-spawn monster count
 F = Spawn count percentage of total count
 G = Total turns spent on level
                    A         B        C        D         E        F      G
               +---------+---------+-------+---------+---------+-------+---------
         Total |       0 |     450 |   0.0 |       0 |      56 |   0.0 |  1230
               +---------+---------+-------+---------+---------+-------+---------
           D:1 |       0 |      58 |   0.0 |       0 |      30 |   0.0 |   524
           D:2 |       0 |      41 |   0.0 |       0 |      17 |   0.0 |   284
           D:4 |       0 |     351 |   0.0 |       0 |       9 |   0.0 |   422
               +---------+---------+-------+---------+---------+-------+---------
